Map: [ESL] Alcyone

Players

Spirit

  • Race: Terran Terran
  • Spawn Location: 7:00

Clem - Winner!

  • Race: Terran Terran
  • Spawn Location: 1:00

Event: ESL SC2 Masters 2024 Spring (Regional)

VOD

Have the link to the VOD?

Description

Time

  • Played on: May 3, 2024, 12:24 p.m.
  • Length: 15:44

All games in this series

Show
View Real Time Build Order
Export as new Build Order

Spirit Terran 

Build Orders: Cyclone Opening 

Get SALT Encoding   

  12  0:00  SCV  
  13  0:12  SCV  
  14  0:17  Supply Depot  
  14  0:24  SCV  
  15  0:38  SCV  
  15  0:39  Barracks  
  16  0:44  Refinery  
  16  0:50  SCV  
  16  0:53  Refinery  
  17  1:03  SCV  
  18  1:15  SCV  
  19  1:26  Reaper  
  19  1:27  Orbital Command  
  20  1:33  Supply Depot  
  20  1:45  Factory  
  20  1:53  SCV  
  21  1:58  Reaper  
  22  2:05  SCV  
  23  2:16  Command Center  
  23  2:19  SCV  
  24  2:29  Cyclone  
  26  2:31  SCV  
  26  2:33  Barracks Reactor  
  27  2:37  Supply Depot  
  27  2:43  SCV  
  28  2:55  SCV  
  28  2:56  Starport  
  29  3:03  Factory Tech Lab  
  29  3:07  SCV  
  29  3:09  Marine x2  
  32  3:17  Refinery  
  32  3:19  SCV  
  33  3:23  Siege Tank  
  36  3:28  Orbital Command  
  36  3:30  Marine  
  36  3:31  SCV, Marine  
  39  3:41  Medivac  
  39  3:43  SCV  
  39  3:47  Marine  
  43  3:49  Marine  
  43  3:54  SCV  
  45  3:55  SCV  
  45  3:58  Supply Depot  
  46  4:06  SCV  
  46  4:07  SCV  
  48  4:16  Starport Tech Lab  
  48  4:18  SCV, Marine  
  48  4:20  SCV  
  48  4:21  Supply Depot  
  48  4:22  Supply Depot  
  50  4:30  SCV  
  51  4:32  SCV, Factory Reactor  
  51  4:37  Command Center  
  52  4:42  SCV  
  52  4:44  Raven  
  52  4:45  SCV, Interference Matrix  
  55  4:50  Supply Depot  
  55  4:54  SCV, Stimpack, Marine  
  55  4:57  SCV  
  58  5:08  SCV, Barracks  
  58  5:11  Barracks  
  59  5:14  Marine  
  59  5:15  SCV  
  59  5:17  Factory Tech Lab  
  59  5:20  SCV, Raven  
  64  5:25  Engineering Bay  
  64  5:27  SCV  
  64  5:28  Engineering Bay  
  65  5:32  SCV, Marine  
  65  5:34  Refinery  
  67  5:37  Siege Tank  
  67  5:40  SCV  
  71  5:44  SCV, Supply Depot  
  72  5:51  Orbital Command  
  72  5:52  SCV  
  72  5:53  Terran Infantry Weapons Level 1  
  72  5:54  Raven  
  72  5:56  Terran Infantry Armor Level 1  
  75  5:57  Marine  
  75  5:59  Marine  
  75  6:00  Marine  
  75  6:02  Marine  
  75  6:03  Marine  
  80  6:05  SCV  
  80  6:06  SCV  
  80  6:10  Orbital Command  
  82  6:15  Marine  
  82  6:16  Siege Tank  
  82  6:17  Marine  
  87  6:18  Marine  
  87  6:19  SCV  
  87  6:24  Missile Turret  
  87  6:25  Marine x2  
  90  6:26  SCV  
  92  6:33  Marine  
  92  6:34  SCV, Combat Shield  
  92  6:35  Marine  
  92  6:36  Marine  
  92  6:38  Starport Reactor  
  92  6:39  Supply Depot  
  98  6:40  SCV x2  
  98  6:47  Barracks  
  98  6:48  SCV, Barracks  
  98  6:52  SCV x2  
  101  6:59  Supply Depot  
  101  7:00  SCV, Siege Tank, Supply Depot, Marine x2  
  107  7:04  SCV  
  107  7:08  Armory  
  108  7:10  Sensor Tower, Refinery, Marine  
  108  7:11  Refinery, Marine  
  108  7:12  SCV  
  108  7:14  Marine  
  112  7:17  Medivac  
  112  7:18  Marine  
  112  7:19  Medivac  
  112  7:20  Marine  
  112  7:21  SCV  
  119  7:24  SCV  
  119  7:25  SCV  
  119  7:27  Marine  
  122  7:33  SCV, Supply Depot  
  122  7:34  Supply Depot  
  122  7:35  Supply Depot  
  122  7:36  Barracks Reactor x2  
  123  7:39  SCV, Marine  
  123  7:40  Marine  
  128  7:44  Siege Tank  
  127  7:52  Medivac x2  
  127  7:53  Marine  
  127  7:56  Terran Infantry Weapons Level 2  
  132  8:03  Terran Infantry Armor Level 2  
  132  8:05  Marine  
  132  8:08  Marine x3  
  132  8:11  Marine  
  134  8:13  Command Center, Marine  
  134  8:14  Marine x3  
  137  8:23  Marine  
  137  8:26  Marine x3  
  130  8:29  Marine  
  130  8:31  Marine  
  130  8:32  SCV, Marine x3  
  118  8:34  SCV  
  118  8:35  SCV  
  118  8:40  Siege Tank  
  118  8:41  Marine  
  124  8:43  Marine  
  124  8:44  SCV, Marine  
  124  8:46  SCV  
  124  8:47  SCV  
  130  8:49  Terran Vehicle Weapons Level 1  
  130  8:51  Sensor Tower  
  130  8:53  Marine  
  130  8:56  SCV, Medivac x2  
  130  8:58  SCV  
  130  8:59  SCV  
  130  9:02  Factory  
  137  9:04  Barracks Reactor  
  137  9:05  Marine  
  137  9:06  Marine x3  
  137  9:08  SCV  
  142  9:10  SCV  
  142  9:11  SCV, Marine x4  
  142  9:15  Siege Tank  
  151  9:20  SCV  
  151  9:22  SCV  
  151  9:23  SCV, Marine x3  
  157  9:24  Marine  
  157  9:27  Planetary Fortress  
  157  9:29  Sensor Tower, Supply Depot, Marine x2  
  157  9:30  Marine  
  161  9:32  Marine  
  161  9:33  SCV  
  161  9:35  SCV  
  163  9:41  Marine x3  
  163  9:42  Marine  
  163  9:43  Marine  
  163  9:44  SCV  
  163  9:45  Marine  
  165  9:46  Marine  
  165  9:47  Siege Tank, Marine x2  
  165  9:50  Marine  
  165  9:52  SCV  
  174  9:56  SCV  
  174  9:59  Marine x3  
  178  10:00  Marine  
  178  10:01  Marine, Missile Turret  
  178  10:02  Supply Depot  
  178  10:05  Marine  
  178  10:09  Marine  
  178  10:11  Marine  
  180  10:17  Barracks x2  
  180  10:19  Supply Depot  
  180  10:22  Barracks  
  180  10:23  Marine x8  
  180  10:25  Terran Infantry Weapons Level 3  
  180  10:26  Terran Infantry Armor Level 3  
  188  10:40  Siege Tank, Marine x2  
  188  10:41  Marine x3  
  188  10:42  Command Center  
  196  10:53  Marine x2  
  196  10:54  Marine x3  
  183  10:58  Medivac x2, Siege Tank, Marine x2  
  183  10:59  Marine x3  
  183  11:03  Marine  
  193  11:08  Marine  
  193  11:11  Barracks Reactor, Marine x2  
  193  11:12  Marine  
  193  11:18  Marine  
  196  11:20  Marine  
  196  11:23  Marine  
  196  11:25  Marine x2  
  196  11:27  Marine  
  196  11:29  Marine  
  196  11:37  Marine x2  
  196  11:38  Marine  
  196  11:39  Siege Tank, Marine x2  
  180  11:40  Medivac, Siege Tank  
  180  11:41  Marine  
  180  11:43  Marine x2  
  180  11:45  Marine  
  167  11:47  Marine x2  
  167  11:49  Marine  
  167  11:50  Command Center  
  169  11:55  Marine x2  
  169  11:56  Marine x3  
  169  11:57  Medivac  
  169  11:59  Marine  
  169  12:01  SCV, Marine x2  
  177  12:02  SCV  
  181  12:18  Supply Depot  
  181  12:19  SCV x2, Medivac, Marine x4  
  181  12:20  Supply Depot, Marine  
  181  12:21  SCV, Marine  
  181  12:22  Marine  
  181  12:33  SCV x3, Siege Tank x2, Marine x3  
  181  12:34  Supply Depot, Marine x2  
  181  12:35  Planetary Fortress, Supply Depot  
  195  12:38  Marine  
  195  12:41  Marine  
  195  12:43  Marine  
  195  12:44  Marine  
  195  12:45  SCV x3  
  195  12:47  Marine x2  
  192  12:57  SCV x3  
  194  12:59  Marine  
  194  13:00  Missile Turret  
  194  13:02  Marine x5  
  200  13:10  Missile Turret  
  200  13:17  Barracks  
  200  13:18  Barracks  
  200  13:27  Command Center  
  200  13:28  Refinery  
  200  13:31  Marine  
  200  13:34  Marine  
  199  13:36  Command Center  
  179  13:41  Marine  
  179  13:43  Marine x9  
  179  13:44  Siege Tank  
  158  13:49  Siege Tank, Marine  
  158  13:52  Marine  
  163  13:59  Marine  
  163  14:00  Marine  
  163  14:01  Marine x8  
  173  14:03  Medivac x2  
  173  14:06  Marine  
  173  14:07  Marine x2  
  173  14:09  Marine  
  173  14:16  Siege Tank  
  173  14:17  Marine  
  162  14:18  Marine x6  
  162  14:19  Marine x3  
  162  14:24  Marine  
  164  14:25  Marine x2  
  164  14:26  Siege Tank  
  164  14:27  Marine  
  167  14:34  Marine  
  167  14:36  Marine x9  
  167  14:37  Medivac  
  176  14:42  Marine x2  
  176  14:45  Marine  
  150  14:47  Medivac  
  150  14:50  Planetary Fortress  
  150  14:52  Marine  
  140  14:54  Marine  
  140  14:55  Siege Tank  
  140  14:56  Marine x3  
  140  14:58  Marine  
  147  15:01  Orbital Command  
  147  15:02  Marine x2  
  147  15:04  Marine  
  149  15:09  Siege Tank, Marine  
  149  15:10  Marine x2  
  149  15:11  Marine  
  149  15:13  Marine x2  
  149  15:14  Marine  
  156  15:16  Marine  
  156  15:17  Marine  
  156  15:18  Marine x2  
  161  15:22  Marine  
  161  15:23  Marine  
  161  15:24  Marine  
Show
View Real Time Build Order
Export as new Build Order

Clem Terran - Winner!

Build Orders: 1/1/1, Cyclone Opening 

Get SALT Encoding   

  12  0:00  SCV  
  13  0:12  SCV  
  14  0:16  Supply Depot  
  14  0:24  SCV  
  15  0:38  SCV  
  15  0:40  Barracks  
  15  0:42  Refinery  
  16  0:50  SCV  
  17  0:57  Refinery  
  17  1:02  SCV  
  18  1:14  SCV  
  19  1:27  Orbital Command, Reaper  
  19  1:32  Supply Depot  
  20  1:43  Factory  
  20  1:52  SCV  
  21  1:59  Reaper  
  22  2:04  SCV  
  23  2:14  Command Center  
  23  2:16  SCV  
  24  2:27  Hellion  
  24  2:29  Starport  
  26  2:32  SCV  
  27  2:40  Supply Depot  
  27  2:42  Barracks Reactor  
  27  2:44  SCV  
  27  2:50  Cyclone  
  30  2:57  SCV  
  31  3:09  SCV  
  31  3:10  Medivac  
  34  3:16  Refinery  
  34  3:18  Marine  
  34  3:19  Marine  
  36  3:22  SCV  
  36  3:23  Factory Tech Lab  
  36  3:25  Orbital Command  
  37  3:34  SCV  
  37  3:36  Marine x2  
  40  3:46  SCV, Supply Depot  
  41  3:48  Factory Tech Lab  
  41  3:50  Raven  
  41  3:53  SCV  
  44  3:58  SCV  
  44  4:00  Marine x2  
  47  4:05  SCV  
  47  4:09  Supply Depot  
  48  4:10  SCV  
  48  4:14  Siege Tank  
  52  4:17  SCV  
  52  4:19  Marine x2  
  52  4:23  SCV  
  55  4:29  SCV, Raven  
  58  4:35  SCV  
  57  4:41  Command Center, Marine x2  
  57  4:43  SCV  
  60  4:47  SCV  
  60  4:49  Siege Tank  
  64  4:55  SCV, Supply Depot  
  64  4:59  SCV  
  66  5:00  Marine x2  
  68  5:07  SCV  
  68  5:09  Interference Matrix  
  68  5:11  SCV, Refinery  
  70  5:14  Supply Depot  
  70  5:17  Raven  
  70  5:19  SCV  
  70  5:21  Barracks  
  73  5:25  SCV  
  73  5:27  Barracks  
  74  5:28  Supply Depot  
  74  5:29  Factory Reactor  
  74  5:32  Stimpack, Marine  
  74  5:34  SCV  
  76  5:38  SCV  
  77  5:43  Engineering Bay  
  77  5:44  Engineering Bay  
  77  5:46  SCV  
  78  5:50  Marine  
  78  5:51  SCV  
  78  5:55  Orbital Command  
  80  5:58  SCV  
  81  6:04  Barracks  
  81  6:05  SCV, Barracks  
  81  6:10  SCV  
  81  6:11  Marine  
  84  6:12  Terran Infantry Weapons Level 1  
  84  6:14  Terran Infantry Armor Level 1  
  84  6:16  Starport Reactor  
  84  6:18  Siege Tank  
  87  6:19  Orbital Command  
  87  6:21  Supply Depot  
  87  6:23  SCV x2, Marine  
  90  6:28  Marine  
  90  6:32  Marine x3  
  92  6:35  SCV  
  92  6:38  SCV  
  96  6:40  Supply Depot, Missile Turret  
  96  6:43  Marine  
  96  6:44  SCV  
  96  6:46  Marine  
  99  6:47  SCV  
  99  6:50  SCV, Marine  
  99  6:52  Barracks Reactor x2  
  99  6:53  Siege Tank  
  99  6:54  Supply Depot  
  105  6:56  SCV, Medivac  
  105  6:58  Medivac  
  110  7:02  Marine x2  
  110  7:04  SCV x2  
  110  7:06  Marine  
  110  7:07  Marine  
  116  7:09  Supply Depot  
  116  7:10  SCV  
  116  7:11  Combat Shield  
  116  7:12  Refinery  
  116  7:13  Refinery  
  117  7:16  Sensor Tower  
  117  7:18  Supply Depot, Marine  
  117  7:19  SCV  
  117  7:20  SCV, Marine  
  121  7:24  SCV  
  121  7:29  Marine x4  
  126  7:31  SCV, Missile Turret  
  126  7:33  Siege Tank  
  126  7:35  Supply Depot  
  126  7:36  Marine x3  
  133  7:39  Marine  
  133  7:43  Supply Depot  
  133  7:44  Armory, Factory  
  133  7:46  Marine  
  133  7:47  Marine  
  134  7:54  Medivac x2, Marine x2  
  134  7:55  Marine  
  134  7:58  Marine x4  
  141  8:00  Supply Depot  
  141  8:04  Marine  
  141  8:05  Marine  
  146  8:09  Command Center  
  146  8:12  Marine  
  147  8:13  SCV x2  
  147  8:15  Marine  
  147  8:16  Supply Depot, Marine  
  147  8:18  Siege Tank, Marine  
  155  8:21  Marine  
  155  8:22  Marine  
  155  8:23  Marine  
  130  8:29  Medivac  
  130  8:30  Marine  
  130  8:32  Marine  
  130  8:33  Marine  
  123  8:36  SCV x2  
  123  8:37  SCV  
  122  8:41  Terran Infantry Weapons Level 2  
  122  8:42  Barracks Reactor  
  122  8:45  Terran Infantry Armor Level 2  
  122  8:48  SCV  
  123  8:50  Siege Tank  
  123  8:51  SCV  
  123  8:52  SCV  
  123  8:55  Marine x3  
  131  8:58  Marine x3  
  131  9:01  Siege Tank  
  137  9:03  Terran Vehicle Weapons Level 1  
  137  9:04  Marine  
  137  9:07  SCV x2  
  137  9:08  SCV, Marine  
  142  9:12  Marine  
  142  9:13  Marine x2  
  142  9:16  Viking  
  147  9:19  Viking  
  147  9:20  Marine x2  
  147  9:21  Marine  
  152  9:24  SCV x2  
  152  9:27  SCV  
  155  9:32  Marine x2  
  155  9:36  SCV x2, Siege Tank  
  162  9:39  SCV, Siege Tank  
  162  9:41  Marine x4  
  162  9:44  Marine x2  
  172  9:48  SCV, Sensor Tower, Viking  
  172  9:51  Planetary Fortress  
  174  9:54  SCV  
  174  9:56  Marine x2  
  174  9:57  Marine x2  
  174  9:58  SCV  
  180  10:00  SCV, Marine  
  180  10:01  Marine  
  180  10:03  Viking  
  180  10:05  Supply Depot, Marine x2  
  185  10:07  Marine x2  
  185  10:11  Supply Depot  
  187  10:17  Command Center  
  187  10:19  Siege Tank, Marine  
  191  10:23  Marine x2  
  191  10:25  Siege Tank  
  196  10:29  Viking  
  196  10:30  Marine  
  196  10:31  Marine  
  196  10:34  Missile Turret  
  200  10:41  Marine  
  200  10:47  Marine  
  200  10:53  Marine x2  
  199  10:57  Viking  
  199  10:59  Terran Infantry Weapons Level 3, Terran Vehicle Weapons Level 2  
  199  11:04  Refinery, Command Center, Marine x2  
  198  11:05  Refinery  
  198  11:08  Starport  
  198  11:10  Starport  
  200  11:17  Viking  
  200  11:19  Terran Infantry Armor Level 3  
  198  11:27  Marine x3  
  198  11:30  Marine  
  198  11:31  Marine  
  198  11:32  Siege Tank  
  198  11:33  Marine x2  
  198  11:34  Viking  
  198  11:36  Siege Tank  
  198  11:38  Marine x3  
  197  11:45  Marine x3  
  197  11:46  Starport Tech Lab  
  173  11:47  Starport Tech Lab  
  173  11:48  Marine  
  173  11:49  Marine  
  173  11:50  Marine  
  173  11:51  Marine  
  176  11:55  Marine  
  176  11:56  Marine x2  
  177  12:02  Marine  
  177  12:03  Marine x2  
  177  12:04  Siege Tank  
  177  12:06  Marine  
  177  12:07  Raven, Marine  
  187  12:08  Siege Tank  
  187  12:11  SCV  
  187  12:12  SCV, Missile Turret x2  
  192  12:21  Refinery, Marine, Missile Turret  
  192  12:22  Sensor Tower  
  192  12:23  Planetary Fortress, Marine  
  192  12:24  Refinery  
  192  12:27  Marine  
  192  12:29  Orbital Command  
  194  12:30  Raven  
  194  12:36  Siege Tank  
  199  12:40  Command Center  
  195  12:46  Siege Tank  
  195  12:47  Marine x2  
  195  12:48  Marine x8  
  198  12:58  Raven  
  199  13:01  Starport  
  199  13:04  Armory, Missile Turret  
  199  13:05  Marine  
  200  13:18  Missile Turret  
  200  13:19  Command Center  
  197  13:30  Raven  
  199  13:40  Raven  
  199  13:41  Siege Tank, Marine  
  190  13:42  Marine x3  
  190  13:43  Marine x2  
  190  13:44  Marine  
  190  13:46  Siege Tank  
  190  13:48  Starport Tech Lab, Marine  
  192  13:50  Marine x2  
  195  13:58  Marine  
  195  14:00  Marine x3  
  195  14:01  Marine  
  179  14:13  Siege Tank  
  179  14:14  Raven, Marine x4  
  179  14:15  Raven  
  185  14:18  Siege Tank  
  185  14:21  Viking  
  185  14:22  Raven, Viking  
  185  14:23  Marine x2  
  193  14:26  Planetary Fortress  
  193  14:32  Orbital Command  
  193  14:38  Marine x4  
  193  14:39  Marine  
  193  14:41  Marine  
  193  14:45  Siege Tank, Refinery, Missile Turret, Marine x3  
  196  14:46  Marine, Missile Turret  
  196  14:48  Raven  
  196  14:50  Siege Tank  
  192  14:53  Viking x2  
  192  14:56  Marine x4  
  200  15:10  Fusion Core  
Tags
 
Add a new tag
Caveats
  • Supply blocks, unpowered buildings, or Contaminate may cause inaccurate times.
  • Supply counts are checked every 10 seconds.